Map: Neon Violet Square LE

Players

Neuro - Winner!

  • Race: Zerg Zerg
  • League: Grandmaster
  • Spawn Location: 11:00

Kunamatata

  • Race: Terran Terran
  • League: Master
  • Spawn Location: 5:00

VOD

Have the link to the VOD?

Description

Time

  • Played on: Dec. 16, 2017, 5:17 p.m.
  • Length: 9:42
Show
View Real Time Build Order
Export as new Build Order

Neuro Zerg - Winner!

Build Orders: Pool First 

Get SALT Encoding   

  12  0:01  Drone  
  13  0:13  Overlord  
  13  0:18  Drone  
  14  0:31  Drone x2  
  14  0:35  Drone  
  17  0:46  Spawning Pool  
  17  0:47  Extractor  
  15  0:50  Drone  
  15  0:56  Drone  
  17  1:07  Drone  
  18  1:22  Hatchery  
  18  1:25  Drone  
  18  1:29  Drone  
  19  1:39  Queen  
  19  1:46  Drone  
  22  1:54  Roach Warren  
  22  2:01  Overlord  
  21  2:04  Drone  
  22  2:15  Pneumatized Carapace  
  22  2:19  Drone  
  23  2:24  Drone  
  23  2:26  Evolution Chamber  
  23  2:37  Queen  
  23  2:42  Roach  
  23  2:43  Roach  
  29  2:50  Roach  
  31  2:53  Roach  
  31  2:58  Drone  
  34  3:00  Drone  
  34  3:02  Drone  
  36  3:14  Overlord x2  
  36  3:20  Overlord  
  36  3:32  Lair  
  36  3:33  Drone x2  
  37  3:43  Roach  
  37  3:47  Drone x3  
  42  3:50  Drone  
  42  3:54  Overlord  
  43  3:58  Drone  
  43  3:59  Drone x2  
  43  4:01  Extractor  
  45  4:03  Drone  
  46  4:18  Overlord, Drone x4  
  46  4:23  Overlord  
  50  4:26  Zerg Missile Weapons Level 1  
  50  4:28  Extractor  
  49  4:35  Overseer  
  47  4:39  Roach  
  47  4:42  Roach, Overlord x2  
  47  4:43  Drone x2  
  49  4:51  Drone  
  48  4:54  Drone  
  48  4:59  Ravager  
  47  5:12  Drone x5  
  52  5:19  Glial Reconstitution  
  52  5:21  Drone x2  
  54  5:36  Overseer  
  54  5:39  Overlord  
  54  5:40  Drone  
  55  5:59  Drone x6  
  55  6:02  Overseer  
  53  6:07  Hatchery  
  53  6:09  Roach x2  
  56  6:14  Queen  
  58  6:19  Roach x4  
  58  6:22  Roach  
  58  6:23  Roach x2  
  72  6:31  Roach x2  
  76  6:39  Roach  
  80  6:40  Roach  
  80  6:47  Roach x3  
  80  6:48  Zerg Missile Weapons Level 2  
  80  6:50  Roach x4  
  80  6:53  Hydralisk Den  
  93  7:05  Overlord x3  
  93  7:11  Overseer  
  93  7:19  Overlord  
  93  7:20  Overlord  
  93  7:22  Muscular Augments  
  93  7:23  Drone x6  
  99  7:30  Drone x3  
  98  7:49  Roach x4  
  100  7:55  Drone x4  
  100  7:56  Drone  
  91  8:01  Drone x4  
  91  8:02  Drone x3  
  90  8:06  Roach  
  90  8:14  Drone x2  
  90  8:16  Extractor x2  
  90  8:22  Roach  
  90  8:23  Roach x3  
  98  8:28  Roach, Hatchery  
  98  8:29  Roach x2  
  103  8:35  Roach x2  
  108  8:41  Ravager  
  108  8:45  Drone x4  
  108  8:48  Overlord x2  
  109  8:49  Extractor  
  104  8:58  Roach x7  
  116  9:06  Hydralisk x3  
  122  9:18  Drone x8  
Show
View Real Time Build Order
Export as new Build Order

Kunamatata Terran 

Build Orders: Reaper Expand 

Get SALT Encoding   

  12  0:00  SCV  
  13  0:12  SCV  
  14  0:17  Supply Depot  
  14  0:24  SCV  
  14  0:28  Refinery  
  15  0:39  SCV  
  16  0:45  Barracks  
  16  0:51  SCV  
  17  1:03  SCV  
  18  1:15  SCV  
  19  1:32  Orbital Command  
  19  1:33  Reaper  
  20  1:46  Command Center  
  20  1:58  SCV  
  20  2:00  Factory  
  21  2:06  Barracks Reactor  
  21  2:10  SCV  
  21  2:13  Supply Depot  
  22  2:22  SCV  
  23  2:23  Refinery  
  23  2:35  SCV  
  24  2:43  Ghost Academy  
  24  2:47  SCV  
  24  2:50  Barracks Tech Lab  
  27  2:51  Hellion  
  27  2:53  Hellion  
  30  3:00  Orbital Command  
  30  3:03  SCV  
  30  3:12  Ghost  
  32  3:17  SCV  
  35  3:20  Hellion  
  35  3:26  Hellion  
  37  3:27  SCV  
  37  3:30  SCV  
  39  3:37  Supply Depot  
  39  3:41  SCV  
  39  3:42  SCV  
  41  3:50  Ghost  
  41  3:52  Hellion  
  41  3:53  SCV  
  46  4:01  SCV  
  47  4:05  Supply Depot  
  47  4:06  SCV  
  47  4:17  Hellion x2  
  49  4:23  SCV  
  49  4:24  SCV  
  46  4:35  SCV  
  46  4:36  SCV  
  48  4:39  Ghost  
  48  4:40  Hellion x2  
  54  4:48  SCV  
  53  4:55  SCV  
  49  5:00  Supply Depot, SCV  
  49  5:07  SCV  
  49  5:12  SCV  
  51  5:19  SCV  
  56  5:22  Ghost  
  56  5:24  SCV  
  56  5:27  Hellion x2  
  59  5:29  Supply Depot  
  59  5:31  SCV  
  58  5:36  SCV  
  59  5:43  SCV  
  59  5:48  SCV  
  61  5:54  Ghost  
  61  5:55  Hellion  
  61  5:56  Hellion, SCV  
  68  6:00  SCV  
  69  6:07  Refinery x2, Command Center  
  69  6:08  SCV  
  69  6:09  Engineering Bay  
  70  6:12  SCV  
  71  6:20  SCV  
  71  6:24  SCV  
  73  6:27  Supply Depot x2  
  73  6:29  Supply Depot  
  73  6:30  Supply Depot  
  73  6:32  SCV  
  74  6:38  SCV  
  75  6:43  Hellion  
  75  6:44  SCV  
  75  6:46  Factory  
  78  6:49  Hellion  
  78  6:50  SCV  
  78  6:51  Supply Depot  
  78  6:52  Supply Depot  
  81  6:56  SCV  
  82  7:05  Cyclone  
  82  7:06  SCV  
  81  7:08  SCV  
  81  7:10  Cyclone  
  84  7:18  Orbital Command, SCV  
  84  7:20  SCV  
  86  7:24  Factory  
  84  7:30  Barracks Tech Lab  
  84  7:32  SCV x2  
  84  7:44  SCV  
  73  7:51  SCV  
  73  7:56  SCV  
  53  8:04  SCV  
  41  8:07  Cyclone x2  
  41  8:08  SCV  
  42  8:16  Supply Depot, SCV  
  42  8:19  Orbital Command  
  38  8:20  SCV  
  38  8:22  Ghost  
  37  8:28  SCV  
  37  8:33  SCV  
  35  8:36  Factory Tech Lab  
  35  8:40  SCV  
  36  8:45  Cyclone, SCV  
  40  8:51  SCV  
  40  8:52  SCV  
  42  8:57  SCV  
  42  8:58  Siege Tank  
  46  9:04  SCV  
  46  9:09  SCV  
  45  9:27  SCV x2  
  47  9:33  Command Center  
  47  9:34  Supply Depot  
  47  9:35  Supply Depot x2  
  47  9:36  Supply Depot  
Tags
 
Add a new tag
Caveats
  • Supply blocks, unpowered buildings, or Contaminate may cause inaccurate times.
  • Supply counts are checked every 10 seconds.